[Event "FIDE Women World Blitz 2021"]
[Site "Warsaw"]
[Date "2021.12.30"]
[Round "11.23"]
[White "Hryzlova, Sofiia"]
[Black "Efimenko, Maria"]
[Result "1-0"]
[ECO "A41"]
[WhiteElo "2097"]
[BlackElo "2207"]
[Annotator "NA"]
[PlyCount "107"]
[EventDate "2021.12.29"]
[EventType "swiss"]
[EventCountry "POL"]
[Tiebreak "Cut1 Buchholz"]
[SourceTitle "playchess.com"]
[Source "ChessBase"]
[SourceQuality "1"]
[TimeControl "180+2"]

1. d4 d6 2. c4 e5 3. d5 f5 4. Nc3 Nf6 5. g3 g6 6. Bg2 Bg7 7. e4 O-O 8. Nge2 a5 9. O-O Na6 10. exf5 Bxf5 11. a3 Nc5 12. Be3 Qd7 13. b4 axb4 14. axb4 Nd3 15. Rxa8 Rxa8 16. c5 Nxb4 17. Qb3 Nd3 18. c6 bxc6 19. dxc6+ Qf7 20. Qb7 Rd8 21. Nb5 Ne8 22. Nec3 Bc8 23. Qb8 Kh8 24. Na7 Qf5 25. Be4 Qh3 26. Bxd3 Bf6 27. Nxc8 Rxc8 28. Qb3 Ng7 29. Qf7 Qe6 30. Qxe6 Nxe6 31. Ba6 Ra8 32. Bb7 Ra5 33. Rb1 Kg7 34. Bc8 Nc5 35. Rb5 Ra1+ 36. Kg2 Nd3 37. Rb7 Bd8 38. Nd5 Ne1+ 39. Kh3 Nf3 40. Nxc7 Bxc7 41. Rxc7+ Kf6 42. Rxh7 e4 43. Kg4 Ne5+ 44. Kf4 Nxc6 45. Kxe4 Ra4+ 46. Kf3 Ne5+ 47. Kg2 Ra2 48. Bb7 Rb2 49. Be4 Rb4 50. Bf3 Rb3 51. h4 Rd3 52. Be4 Rd1 53. Bg5+ Ke6 54. Re7# 1-0

[Event "FIDE Women World Blitz 2021"]
[Site "Warsaw"]
[Date "2021.12.30"]
[Round "11.24"]
[White "Cyfka, Karina"]
[Black "Kovanova, Baira"]
[Result "0-1"]
[ECO "D37"]
[WhiteElo "2416"]
[BlackElo "2331"]
[Annotator "ChessBase"]
[PlyCount "100"]
[EventDate "2021.12.29"]
[EventType "swiss"]
[EventCountry "POL"]
[Tiebreak "Cut1 Buchholz"]
[SourceTitle "playchess.com"]
[Source "ChessBase"]
[SourceQuality "1"]
[TimeControl "180+2"]

1. d4 d5 2. c4 e6 3. Nf3 Nf6 4. Nc3 Nbd7 5. Bf4 dxc4 6. e4 Bb4 7. Qc2 c5 8. O-O-O Qa5 9. Bxc4 cxd4 10. Nb5 O-O 11. Bc7 Nb6 12. Nfxd4 Bd7 13. a3 Bxb5 14. Nxb5 Rac8 15. axb4 Qxb4 16. b3 Nxc4 17. Qxc4 Qxc4+ 18. bxc4 a6 19. Bd6 Rxc4+ 20. Kb2 Rfc8 21. Na3 Rxe4 22. Rhe1 Rg4 23. Rc1 Rd8 24. Bg3 Nd5 25. f3 Rb4+ 26. Ka2 h6 27. Rb1 Nc3+ 28. Ka1 Nxb1 29. Rxb1 Ra4 30. Ka2 Rd3 31. Rb3 Rd2+ 32. Rb2 Rad4 33. Be5 Rxb2+ 34. Kxb2 Rd2+ 35. Kc3 Rxg2 36. Nc4 b5 37. Nd6 Rf2 38. f4 f6 39. Bd4 Rxf4 40. Nb7 Rh4 41. Nd8 e5 42. Bg1 Rg4 43. Bb6 Rg2 44. Nb7 Rxh2 45. Nc5 Rg2 46. Nxa6 h5 47. Kd3 h4 48. Ke3 h3 49. Kf3 Ra2 50.
Nc7 h2 0-1

[Event "FIDE Women World Blitz 2021"]
[Site "Warsaw"]
[Date "2021.12.30"]
[Round "11.25"]
[White "Berend, Elvira"]
[Black "Strutinskaia, Galina"]
[Result "1-0"]
[ECO "A81"]
[WhiteElo "2328"]
[BlackElo "2188"]
[Annotator "NA"]
[PlyCount "119"]
[EventDate "2021.12.29"]
[EventType "swiss"]
[EventCountry "POL"]
[Tiebreak "Cut1 Buchholz"]
[SourceTitle "playchess.com"]
[Source "ChessBase"]
[SourceQuality "1"]
[TimeControl "180+2"]

1. d4 f5 2. g3 Nf6 3. Bg2 g6 4. Nh3 Bg7 5. c3 Nc6 6. Qb3 e6 7. O-O a5 8. a4 O-O 9. Na3 Ne7 10. Nf4 g5 11. Nd3 h6 12. Nc5 Rb8 13. Nc4 b6 14. Nd3 Ba6 15.
Qa2 Bb7 16. Nce5 Bd5 17. b3 Qe8 18. c4 Bxg2 19. Kxg2 d6 20. Nf3 Qh5 21. h3 Ne4 22. Qc2 c5 23. Bb2 cxd4 24. Bxd4 e5 25. Bb2 Nf6 26. Nh2 Nc6 27. Ne1 f4 28. g4 Qf7 29. Rd1 Rfd8 30. e4 h5 31. Nef3 Qg6 32. Rfe1 Nd7 33. gxh5 Qe6 34. Ng4 Nc5 35. Nxg5 Qe7 36. Nf3 Kh7 37. Rg1 Rg8 38. Kh2 Nb4 39. Qe2 Nxb3 40. Ba3 Nc5 41. Bxb4 axb4 42. h4 b3 43. Ng5+ Kh8 44. Rb1 Ra8 45. h6 Bf6 46. h7 Rg7 47. Nxf6 Qxf6 48. Rg4 Rxa4 49. Rbg1 Ra2 50. Qf3 Raa7 51. Nh3 b2 52. Rb1 Rxg4 53. Qxg4 Kxh7 54. Rxb2 Nxe4 55. Rxb6 Rg7 56. Qh5+ Qh6 57.
Qxh6+ Kxh6 58. c5 Rd7 59. cxd6 Rxd6 60. Rxd6+ 1-0

[Event "FIDE Women World Blitz 2021"]
[Site "Warsaw"]
[Date "2021.12.30"]
[Round "11.26"]
[White "Fernandez, Maria Florencia"]
[Black "Muetsch, Annmarie"]
[Result "0-1"]
[ECO "A41"]
[WhiteElo "2184"]
[BlackElo "2279"]
[Annotator "NA"]
[PlyCount "68"]
[EventDate "2021.12.29"]
[EventType "swiss"]
[EventCountry "POL"]
[Tiebreak "Cut1 Buchholz"]
[SourceTitle "playchess.com"]
[Source "ChessBase"]
[SourceQuality "1"]
[TimeControl "180+2"]

1. d4 d6 2. c4 e5 3. d5 f5 4. Nc3 Nf6 5. f3 Be7 6. Qc2 O-O 7. e4 fxe4 8.
Nxe4 Nxe4 9. fxe4 a5 10. Nf3 Na6 11. Be2 Nc5 12. O-O Qe8 13.
Be3 b6 14. Nd2 Qg6 15. Rxf8+ Bxf8 16. b3 Be7 17. a3 Bd7 18. Rf1 Bg5 19. Bxc5 bxc5 20. Nb1 a4 21. b4 cxb4 22. axb4 a3 23. Nc3 Be3+ 24. Kh1 Qh6 25. c5 Bf4 26. g3 Bxg3 27. Bf3 Bf4 28. c6 Bh3 29. Rg1 Rf8 30.
Qe2 Bc8 31. Rg2 Be3 32. b5 Bd4 33. Nb1 Qc1+ 34. Qd1 Qxd1+ 0-1

[Event "FIDE Women World Blitz 2021"]
[Site "Warsaw"]
[Date "2021.12.30"]
[Round "11.27"]
[White "Danielian, Elina"]
[Black "Sandu, Mihaela"]
[Result "0-1"]
[ECO "D03"]
[WhiteElo "2450"]
[BlackElo "2244"]
[Annotator "ChessBase"]
[PlyCount "82"]
[EventDate "2021.12.29"]
[EventType "swiss"]
[EventCountry "POL"]
[Tiebreak "Cut1 Buchholz"]
[SourceTitle "playchess.com"]
[Source "ChessBase"]
[SourceQuality "1"]
[TimeControl "180+2"]

1. d4 Nf6 2. Bg5 e6 3. Nd2 d5 4. e3 h6 5. Bh4 c5 6. c3 Nc6 7. Ngf3 Bd6 8. Bd3 Qb6 9. Bxf6 gxf6 10. Rb1 cxd4 11. exd4 Bd7 12. O-O Qc7 13. c4 dxc4 14. Nxc4 Bf4 15. g3 Rg8 16. Qe2 O-O-O 17. Kh1 Bd6 18. Rbc1 Kb8 19. a3 Ne7 20. b4 Bc6 21. Ne3 Qd7 22. b5 Bxf3+ 23. Qxf3 Nd5 24. Nxd5 exd5 25. a4 Bb4 26. Bf5 Qd6 27. Rc2 Rge8 28. Kg2 Ba5 29. Rfc1 Bb6 30. h4 Bxd4 31. Rd1 Bb6 32. Rcd2 d4 33. Rd3 Re5 34. Be4 Qd7 35. g4 Qe7 36. Bf5 h5 37. gxh5 Rg8+ 38. Kh1 Re1+ 39. Rxe1 Qxe1+ 40. Kh2 Bc7+ 41. Kh3 Qf1+ 0-1

[Event "FIDE Women World Blitz 2021"]
[Site "Warsaw"]
[Date "2021.12.30"]
[Round "11.28"]
[White "Bulmaga, Irina"]
[Black "Pavlidou, Ekaterini"]
[Result "1-0"]
[ECO "B22"]
[WhiteElo "2405"]
[BlackElo "2177"]
[Annotator "NA"]
[PlyCount "79"]
[EventDate "2021.12.29"]
[EventType "swiss"]
[EventCountry "POL"]
[Tiebreak "Cut1 Buchholz"]
[SourceTitle "playchess.com"]
[Source "ChessBase"]
[SourceQuality "1"]
[TimeControl "180+2"]

1. e4 c5 2. Be2 Nc6 3. f4 d6 4. Nf3 g6 5. O-O Bg7 6. c3 Nf6 7. d3 O-O 8. Kh1 a6 9. Be3 b5 10. Nbd2 Bb7 11. d4 cxd4 12. cxd4 d5 13.
e5 Nd7 14. Bd3 e6 15. Bf2 f5 16. Nb3 Na5 17. Nxa5 Qxa5 18. Nd2 Rfc8 19. Nb3 Qb6 20. Nc5 Nxc5 21. dxc5 Qc7 22. Bd4 Bc6 23. b4 a5 24. a4 Rcb8 25. axb5 Bxb5 26. bxa5 Bxd3 27. Qxd3 Rxa5 28. Rxa5 Qxa5 29. h3 Bf8 30. Rc1 Rc8 31. c6 Rc7 32. Kh2 Qa4 33. Qc3 Bb4 34. Qc2 Qb5 35. Qb3 Qa5 36. Rb1 Bd2 37. Bb6 Bxf4+ 38. Kh1 Qd2 39. Bxc7 d4 40. Qxe6+ 1-0

[Event "FIDE Women World Blitz 2021"]
[Site "Warsaw"]
[Date "2021.12.30"]
[Round "11.29"]
[White "Dworakowska, Joanna"]
[Black "Vantika Agrawal"]
[Result "0-1"]
[ECO "B90"]
[WhiteElo "2228"]
[BlackElo "2329"]
[Annotator "NA"]
[PlyCount "76"]
[EventDate "2021.12.29"]
[EventType "swiss"]
[EventCountry "POL"]
[Tiebreak "Cut1 Buchholz"]
[SourceTitle "playchess.com"]
[Source "ChessBase"]
[SourceQuality "1"]
[TimeControl "180+2"]

1. e4 c5 2. Nf3 d6 3. d4 cxd4 4. Nxd4 Nf6 5. Nc3 a6 6. h3 e5 7. Nde2 h5 8. g3 Be7 9. Bg2 b5 10. Bg5 Nbd7 11. O-O O-O 12. Bxf6 Nxf6 13. Nd5 Nxd5 14. exd5 h4 15. f4 Bf6 16. f5 e4 17. c3 Re8 18. g4 Qb6+ 19. Kh1 b4 20. Qc1 e3 21. c4 Bd7 22. Qc2 Rac8 23.
Rad1 a5 24. Rfe1 a4 25. Qd3 Bxb2 26. Ng1 Qc5 27. Bf1 Bc3 28. Nf3 Bxe1 29. Rxe1 Rb8 30. Ng5 b3 31. Rb1 bxa2 32. Ra1 e2 33. f6 exf1=Q+ 34. Rxf1 g6 35. Ne6 Bxe6 36. dxe6 Rxe6 37. Qxg6+ fxg6 38. f7+ Kf8 0-1

[Event "FIDE Women World Blitz 2021"]
[Site "Warsaw"]
[Date "2021.12.30"]
[Round "11.30"]
[White "Jarocka, Liwia"]
[Black "Nomin-Erdene, Davaademberel"]
[Result "0-1"]
[ECO "B19"]
[WhiteElo "1851"]
[BlackElo "2188"]
[Annotator "NA"]
[PlyCount "66"]
[EventDate "2021.12.29"]
[EventType "swiss"]
[EventCountry "POL"]
[Tiebreak "Cut1 Buchholz"]
[SourceTitle "playchess.com"]
[Source "ChessBase"]
[SourceQuality "1"]
[TimeControl "180+2"]

1. e4 c6 2. d4 d5 3. Nd2
dxe4 4. Nxe4 Bf5 5. Ng3 Bg6 6. Nf3 Nd7 7. h4 h6 8. h5 Bh7 9. Bd3 Bxd3 10. Qxd3 e6 11. Bd2 Ngf6 12. O-O-O Be7 13. Kb1 O-O 14. Ne4 c5 15. dxc5 Nxe4 16. Qxe4 Nxc5 17. Qe2 Qb6 18. Be3 Rac8 19. Ne5 Bf6 20. Nd3 Qb5 21. Bxc5 Rxc5 22. Qd2 Rc6 23. Qb4 Qg5 24. Qf4 Qb5 25. Qb4 Qa6 26. Nc5 Qe2 27. Nd7 Qxc2+ 28. Ka1 Rfc8 29. Nxf6+
gxf6 30. Qg4+ Kh7 31. a3 Rb6 32. Rb1 Rc5 33. Qa4 Qxa4 0-1

[Event "FIDE Women World Blitz 2021"]
[Site "Warsaw"]
[Date "2021.12.30"]
[Round "11.31"]
[White "Wikar, Martyna"]
[Black "Padmini, Rout"]
[Result "0-1"]
[ECO "B31"]
[WhiteElo "1899"]
[BlackElo "2353"]
[Annotator "NA"]
[PlyCount "108"]
[EventDate "2021.12.29"]
[EventType "swiss"]
[EventCountry "POL"]
[Tiebreak "Cut1 Buchholz"]
[SourceTitle "playchess.com"]
[Source "ChessBase"]
[SourceQuality "1"]
[TimeControl "180+2"]

1. e4 c5 2. Nf3 Nc6 3. Bb5 g6 4. O-O Bg7 5. c3 Nf6 6. Re1 O-O 7. h3 d5 8. e5 Nd7 9. d4 c4 10. Ba4 a6 11. Bf4 b5 12. Bc2 b4 13. Qd2 a5 14. h4 Re8 15. h5 Nf8 16. Bh6 Bg4 17. Bxg7 Kxg7 18. h6+ Kg8 19. Ng5 f6 20. Qf4 Bd7 21. e6 Bc8 22. Re3 Qd6 23. Qxd6 exd6 24. Ba4 Ra6 25. Nf7 Rxe6 26. Rxe6 Bxe6 27. Nxd6 Nxd4 28. cxd4 Rxd6 29. Nd2 Bd7 30. Bc2 a4 31. Re1 b3 32. axb3 axb3 33. Bb1 Kf7 34. Nf3 Re6 35. Re3 Ra6 36. Kf1 Ra1 37. Re1 Kg8 38. Ke2 Ne6 39. Kd2 Ra8 40. Kc3 Kf7 41. Re3 Nf4 42. g3 Ne6 43. Ne1 Nc7 44. Nf3 Ra4 45.
Re1 Nb5+ 46. Kd2 Bg4 47. Re3 Bxf3 48. Rxf3 Nxd4 49. Rf4 Ne6 50. Rf3 Ra1 51. Kc1 d4 52. g4 Nc5 53. g5 f5 54. Rf4 Nd3+ 0-1

[Event "FIDE Women World Blitz 2021"]
[Site "Warsaw"]
[Date "2021.12.30"]
[Round "11.32"]
[White "Badelka, Olga"]
[Black "Zawadzka, Jolanta"]
[Result "0-1"]
[ECO "D31"]
[WhiteElo "2188"]
[BlackElo "2429"]
[Annotator "ChessBase"]
[PlyCount "114"]
[EventDate "2021.12.29"]
[EventType "swiss"]
[EventCountry "POL"]
[Tiebreak "Cut1 Buchholz"]
[SourceTitle "playchess.com"]
[Source "ChessBase"]
[SourceQuality "1"]
[TimeControl "180+2"]

1. c4 e6 2. Nc3 d5 3. d4 a6 4. cxd5 exd5 5. Qb3 c5 6. Qxd5 cxd4 7. Qxd8+ Kxd8 8. Ne4 Bf5 9. Ng3 Bg6 10. Nf3 Nc6 11. a3 Be7 12. h4 h6 13. h5 Bh7 14. e3 dxe3 15. Bxe3 Kc7 16. O-O-O Nf6 17. Bd3 Bxd3 18. Rxd3 Rhd8 19. Bf4+ Kb6 20. Rb3+ Ka7 21. Be3+ Kb8 22. Nf5 Bf8 23. N3d4 Nxd4 24. Nxd4 Rc8+ 25. Kb1 Nd5 26. Rd1 Nxe3 27. fxe3 Ka7 28. Nf5 Rd8 29. Rbd3 Rxd3 30. Rxd3 g6 31. Ng3 Re8 32. Kc2 Bc5 33. Kd2 Re5 34. e4 Be7 35. Rd5 Rxd5+ 36. exd5 Bd6 37. Ne4 Be5 38. b4 gxh5 39. Kd3 Kb6 40. Nc5 Bf4 41. Ne4 a5 42. bxa5+ Kxa5 43. Kc4 Kb6 44. a4 Kc7 45. Kc5 Be3+ 46. Kb5 f5 47. Nf6 Kd6 48. Kc4 h4 49. Ne8+ Ke7 50. Ng7 Kf6 51. Ne6 f4 52. Kd3 Ke5 53. Nc7 Bb6 54. Ne6 f3 55. gxf3 h3 56. f4+ Kf5 57. Ng7+ Kg6 0-1

[Event "FIDE Women World Blitz 2021"]
[Site "Warsaw"]
[Date "2021.12.30"]
[Round "11.33"]
[White "Rakhmangulova, Anastasiya"]
[Black "Serikbay, Assel"]
[Result "0-1"]
[ECO "B45"]
[WhiteElo "2174"]
[BlackElo "2237"]
[Annotator "NA"]
[PlyCount "75"]
[EventDate "2021.12.29"]
[EventType "swiss"]
[EventCountry "POL"]
[Tiebreak "Cut1 Buchholz"]
[SourceTitle "playchess.com"]
[Source "ChessBase"]
[SourceQuality "1"]
[TimeControl "180+2"]

1. e4 c5 2. Nf3 Nc6 3. d4 cxd4 4. Nxd4 Nf6 5. Nc3 e6 6.
Ndb5 Bb4 7. a3 Bxc3+ 8. Nxc3 d5 9. exd5 exd5 10. Bd3 O-O 11.
O-O Bg4 12. Ne2 Ne5 13. f3 Bh5 14. Be3 Rc8 15. Nf4 Bg6 16.
Bxg6 hxg6 17. Re1 Qd6 18. Nd3 Nc4 19. Bd4 Nh5 20. b3 Nxa3 21.
Be5 Qb6+ 22. Kh1 Nxc2 23. Rb1 Nxe1 24. Qxe1 Rfe8 25. Qd2 Qc6 26. Nb4 Qb5 27. Ba1 Qe2 28. Qd4 Qe1+ 29. Qg1 Qxg1+ 30. Kxg1 Nf4 31. g3 Ne2+ 32. Kf2 a5 33. Nxd5 Rc2 34. Kf1 Rd2 35. Nb6 Nd4 36. Nc4 Rd3 37. Rc1 Nxf3 38. Nxa5 0-1

[Event "FIDE Women World Blitz 2021"]
[Site "Warsaw"]
[Date "2021.12.30"]
[Round "11.34"]
[White "Paramzina, Anastasya"]
[Black "Semenova, Elena"]
[Result "0-1"]
[ECO "C42"]
[WhiteElo "2260"]
[BlackElo "2233"]
[Annotator "NA"]
[PlyCount "140"]
[EventDate "2021.12.29"]
[EventType "swiss"]
[EventCountry "POL"]
[Tiebreak "Cut1 Buchholz"]
[SourceTitle "playchess.com"]
[Source "ChessBase"]
[SourceQuality "1"]
[TimeControl "180+2"]

1. e4 e5 2. Nf3 Nf6 3. Nxe5 d6 4. Nd3 Nxe4 5. Qe2 Qe7 6.
Nf4 c6 7. d3 Nf6 8. Qxe7+ Bxe7 9. d4 Bf5 10. c3 O-O 11. Be2 Re8 12. Nd2 Bf8 13. Nf1 g5 14. Nh3 h6 15. Ne3 Bg6 16. Ng1 Nbd7 17. h4 Nb6 18.
hxg5 hxg5 19. Bd2 Ne4 20. Nh3 f6 21. O-O-O d5 22. Be1 Bd6 23. Bg4 Nc4 24. Nxc4 dxc4 25. g3 Kg7 26. Ng1 a5 27. d5 Nc5 28. Be2 Bd3 29. dxc6 bxc6 30. Bf3 Rac8 31. Bd2 a4 32. Be3 a3 33. bxa3 Na4 34. Ne2 Bxa3+ 35. Kd2 Rcd8 36. Ke1 Nb2 37. Rd2 Bxe2 38. Bxe2 Nd3+ 39. Kf1 Bc1 40. Rd1 Bxe3 41. fxe3 Rxe3 42. Rb1 Rde8 43. Rb7+ R8e7 44. Rxe7+ Rxe7 45. g4 Ra7 46.
Bxd3 cxd3 47. Rh3 Rxa2 48. Rxd3 Rc2 49. Ke1 Kf7 50. Kd1 Rg2 51. Rd4 Ke6 52. Re4+ Kd5 53. Rd4+ Ke5 54. Rc4 Kd5 55. Rd4+ Ke6 56. Rc4 c5 57. Ke1 Kd5 58. Ra4 c4 59. Ra5+ Ke6 60. Ra6+ Ke5 61. Ra5+ Ke4 62. Ra6 Ke3 63. Re6+ Kd3 64. Rxf6 Kxc3 65. Kd1 Rxg4 66. Rf3+ Kd4 67. Rf7 Rg2 68. Rd7+ Kc3 69. Rc7 g4 70. Rc8 g3 0-1

[Event "FIDE Women World Blitz 2021"]
[Site "Warsaw"]
[Date "2021.12.30"]
[Round "11.35"]
[White "Loskutova, Viktoriya"]
[Black "Maisuradze, Nino"]
[Result "1-0"]
[ECO "B32"]
[WhiteElo "2195"]
[BlackElo "2175"]
[Annotator "NA"]
[PlyCount "134"]
[EventDate "2021.12.29"]
[EventType "swiss"]
[EventCountry "POL"]
[Tiebreak "Cut1 Buchholz"]
[SourceTitle "playchess.com"]
[Source "ChessBase"]
[SourceQuality "1"]
[TimeControl "180+2"]

1. e4 c5 2. Nf3 Nc6 3. d4 cxd4 4. Nxd4 e5 5. Nb5 d6 6. c4 Be7 7. N1c3 a6 8. Na3 f5 9. exf5 Bxf5 10. Bd3 Be6 11. O-O Nf6 12. Nc2 O-O 13. Ne3 Nd4 14. b3 Rc8 15. Bb2 Qe8 16. Ne4 Nh5 17. Nd5 Bxd5 18. cxd5 Nf5 19. Qg4 Nf4 20. Rad1 Nh6 21. Qg3 Rc2 22. Bc1 Rxa2 23. Ng5 Bxg5 24. Qxg5 Qf7 25. Be3 Nxd3 26. Rxd3 Rc2 27. Qg3 Nf5 28. Qh3 Nxe3 29. Qxe3 Qf4 30. Qb6 h6 31. Rf3 Qd4 32. Rxf8+ Kxf8 33. Qxd6+ Kg8 34. Qe6+ Kh8 35. d6 Rd2 36. Qc8+ Kh7 37. Qf5+ Kg8 38. Qc8+ Kf7 39. Qxb7+ Kg6 40. Qxa6 e4 41. d7+ Kh7 42. Qb5 Qxd7 43. Qxd7 Rxd7 44. Rb1 Kg6 45. b4 Kf5 46. Kf1 Ke5 47. Ke2 Rb7 48. Ke3 Ra7 49. Rb3 g5 50. b5 Kd5 51. b6 Rb7 52. Rb2 h5 53.
Rb5+ Ke6 54. Rxg5 Kf6 55. Rxh5 Kg6 56. Rb5 Kf6 57. Kxe4 Ke6 58. f4 Kf6 59. f5 Kg5 60. Ke5 Kg4 61. f6 Kg5 62. Ke6+ Kg6 63.
h4 Kh6 64. g4 Kg6 65. h5+ Kh6 66. f7 Kg7 67. g5 Kh7 1-0

[Event "FIDE Women World Blitz 2021"]
[Site "Warsaw"]
[Date "2021.12.30"]
[Round "11.36"]
[White "Sliwicka, Alicja"]
[Black "Smirnova, Ekaterina"]
[Result "0-1"]
[ECO "C02"]
[WhiteElo "2303"]
[BlackElo "2196"]
[Annotator "NA"]
[PlyCount "104"]
[EventDate "2021.12.29"]
[EventType "swiss"]
[EventCountry "POL"]
[Tiebreak "Cut1 Buchholz"]
[SourceTitle "playchess.com"]
[Source "ChessBase"]
[SourceQuality "1"]
[TimeControl "180+2"]

1. e4 e6 2. d4 d5 3. e5 c5 4. c3 Bd7 5. Nf3 Nc6 6. a3 c4 7. Be2 Na5 8. Nbd2 Bc6 9. O-O Qd7 10. a4 Ne7 11. Qc2 Nc8 12. Bd1 Nb6 13. Ne1 Be7 14. f4 g6 15. Nef3 O-O-O 16. b4 cxb3 17. Nxb3 Bxa4 18. Rxa4 Qxa4 19. Nxa5 Qxa5 20. Be2 Kb8 21. Bb2 Nc4 22. Ra1 Qb6 23. Bc1 Rc8 24. Nd2 Nxd2 25. Qxd2 Rc7 26. Bb2 Rhc8 27. Rc1 Qb3 28. Bd1 Qb5 29. Ra1 Rc6 30. Ba4 Qc4 31. Bxc6 Rxc6 32. g3 h5 33. Kf2 Ra6 34. Rxa6 Qxa6 35. Bc1 Qc4 36. Qc2 a6 37. Bd2 Bd8 38. Qb2 Ka7 39. h3 Bb6 40. Qa1 Qd3 41. Qb2 Qe4 42.
Be3 Qh1 43. Qb4 Qh2+ 44. Kf3 Qxh3 45. Qe7 Qf1+ 46. Bf2 Qd3+ 47. Kg2 Qxc3 48. Qxf7 Bxd4 49. Bxd4+ Qxd4 50.
Qxe6 Qd2+ 51. Kh3 Qd1 52. Qxg6 Qh1# 0-1

[Event "FIDE Women World Blitz 2021"]
[Site "Warsaw"]
[Date "2021.12.30"]
[Round "11.37"]
[White "Kucharska, Honorata"]
[Black "Doluhanova, Evgeniya"]
[Result "0-1"]
[ECO "E14"]
[WhiteElo "2168"]
[BlackElo "2237"]
[Annotator "NA"]
[PlyCount "98"]
[EventDate "2021.12.29"]
[EventType "swiss"]
[EventCountry "POL"]
[Tiebreak "Cut1 Buchholz"]
[SourceTitle "playchess.com"]
[Source "ChessBase"]
[SourceQuality "1"]
[TimeControl "180+2"]

1. d4 Nf6 2. Nf3 e6 3. e3 b6 4. Bd3 Bb7 5. O-O c5 6. c4 Be7 7. Nc3 d5 8. cxd5 Nxd5 9. e4 Nxc3 10. bxc3 cxd4 11. cxd4 O-O 12. Bb2 Nc6 13. Qe2 Bf6 14. e5 Be7 15. Rfd1 Nb4 16. Bb1 Rc8 17. a3 Nd5 18. Qd3 g6 19. Qd2 Re8 20. Bd3 Bf8 21. a4 Ne7 22. Qe3 Nd5 23.
Qd2 Nb4 24. Bb5 Bxf3 25. gxf3 Rc2 26. Qf4 Nd5 27. Qe4 Rxb2 28. Bxe8 Qxe8 29. Rdc1 Qe7 30. Qg4 Bh6 31. Rc8+ Kg7 32. a5 Nf4 33. axb6 Rxb6 34. Ra8 Rb7 35. h4 Ne2+ 36. Kg2 Nf4+ 37. Kg1 Qd7 38. Rd1 Qd5 39. Re8 a5 40. Rc8 a4 41. Rc5 Qd7 42. d5 Nxd5 43.
f4 Qe7 44. Rc4 Nxf4 45. Rxf4 Bxf4 46. Qxf4 Rb4 47. Qe3 Qxh4 48. Kf1 Rb2 49. Rd3 Qh1# 0-1

[Event "FIDE Women World Blitz 2021"]
[Site "Warsaw"]
[Date "2021.12.30"]
[Round "11.38"]
[White "Gaboyan, Susanna"]
[Black "Bartel, Marta"]
[Result "1-0"]
[ECO "A08"]
[WhiteElo "2253"]
[BlackElo "2192"]
[Annotator "NA"]
[PlyCount "90"]
[EventDate "2021.12.29"]
[EventType "swiss"]
[EventCountry "POL"]
[Tiebreak "Cut1 Buchholz"]
[SourceTitle "playchess.com"]
[Source "ChessBase"]
[SourceQuality "1"]
[TimeControl "180+2"]

1. Nf3 Nf6 2. g3 g6 3. Bg2 Bg7 4. O-O d5 5. d3 O-O 6. Nbd2 c5 7. e4 Nc6 8. h3 b6 9. exd5 Nxd5 10. Nc4 Bb7 11. a4 Qc7 12. Qe2 Rad8 13.
Be3 Nxe3 14. Qxe3 e5 15. c3 Rfe8 16. Rfe1 f6 17. Rad1 Ne7 18. Qc1 Nf5 19. Ne3 Bh6 20. Kh2 Nxe3 21. fxe3 e4 22. dxe4 Bxe4 23. Nh4 Qe5 24. Rxd8 Rxd8 25. Rd1 Re8 26. Qd2 Bf8 27. Bxe4 Qxe4 28. Ng2 Kg7 29. Qd7+ Re7 30. Qd8 Re8 31. Rd7+ Kh6 32. Qc7 g5 33. Qxa7 Qg6 34. Qxb6 c4 35. Rc7 Be7 36. Rc6 Bd8 37. Qb7 Be7 38. Qd7 Bf8 39. Qd5 Be7 40. Qxc4 Rd8 41. Qe6 Qe8 42. Qf5 Rd2 43. e4 Qg6 44. Qe6 Bd8 45. Qg4 Rxb2 1-0

[Event "FIDE Women World Blitz 2021"]
[Site "Warsaw"]
[Date "2021.12.30"]
[Round "11.39"]
[White "Malicka, Maria"]
[Black "Yakimova, Mariya"]
[Result "1-0"]
[ECO "B33"]
[WhiteElo "2307"]
[BlackElo "2219"]
[Annotator "NA"]
[PlyCount "103"]
[EventDate "2021.12.29"]
[EventType "swiss"]
[EventCountry "POL"]
[Tiebreak "Cut1 Buchholz"]
[SourceTitle "playchess.com"]
[Source "ChessBase"]
[SourceQuality "1"]
[TimeControl "180+2"]

1. e4 c5 2. Nf3 Nc6 3. d4 cxd4 4. Nxd4 Nf6 5. Nc3 e5 6.
Ndb5 d6 7. a4 a6 8. Na3 Be6 9. Bc4 Rc8 10. Bg5 Be7 11. Bxf6 Bxf6 12. Nd5 Bg5 13. O-O O-O 14. c3 Kh8 15. Qe2 g6 16. Rad1 f5 17. Nb6 Qxb6 18. Bxe6 Rcd8 19. exf5 Rf6 20. Qg4 Bh6 21. Nc4 Qc7 22. Qh3 gxf5 23. Bxf5 d5 24. Ne3 Ne7 25. Ng4 Rxf5 26. Nxh6 Rf6 27. Ng4 Rg6 28. Rfe1 e4 29. Qh5 Rdg8 30. h3 Rg5 31. Qh6 R5g6 32. Qh5 Rg5 33. Qf7 h5 34. Qf6+ R8g7 35. Qh6+ Kg8 36. Qe6+ Kf8 37. Qf6+ Ke8 38. Ne3 R7g6 39. Qh8+ Rg8 40. Qd4 Qc6 41. g3 h4 42. g4 Qe6 43. Nxd5 Nxd5 44. Rxe4 Qxe4 45. Qxe4+ Ne7 46. Re1 R8g7 47. Qxb7 Rc5 48. Qb8+ Kf7 49. Qf4+ Ke8 50. Qb8+ Kd7 51. Qa7+ Rc7 52. Qd4+ 1-0

[Event "FIDE Women World Blitz 2021"]
[Site "Warsaw"]
[Date "2021.12.30"]
[Round "12.1"]
[White "Assaubayeva, Bibisara"]
[Black "Abdumalik, Zhansaya"]
[Result "1/2-1/2"]
[ECO "D85"]
[WhiteElo "2400"]
[BlackElo "2507"]
[Annotator "ChessBase"]
[PlyCount "78"]
[EventDate "2021.12.29"]
[EventType "swiss"]
[EventCountry "POL"]
[Tiebreak "Cut1 Buchholz"]
[SourceTitle "playchess.com"]
[Source "ChessBase"]
[SourceQuality "1"]
[TimeControl "180+2"]

1. d4 Nf6 2. c4 g6 3. Nc3 d5 4. cxd5 Nxd5 5. e4 Nxc3 6. bxc3 Bg7 7. Be3 c5 8. Qd2 Qa5 9. Rc1 O-O 10. Nf3 b6 11. d5 Bg4 12. Be2 Nd7 13.
h3 Bxf3 14. Bxf3 c4 15. Be2 Nc5 16. f3 Rac8 17. O-O Na4 18.
Bd4 Bxd4+ 19. Qxd4 Qc5 20. Rfd1 b5 21. f4 Rfd8 22. Kh2 Qxd4 23. Rxd4 Rc5 24. Bf3 Nb2 25. e5 a5 26. a3 f6 27. Be4 Kf7 28. Kg3 f5 29. Bf3 h6 30. h4 h5 31. Rb1 Na4 32. Rc1 Nb2 33. Rb1 Na4 34. Rc1 Nb6 35.
Rcd1 Na4 36. Rc1 Nb2 37. Rb1 Na4 38. Rc1 Nb6 39. Rcd1 Na4 1/2-1/2

[Event "FIDE Women World Blitz 2021"]
[Site "Warsaw"]
[Date "2021.12.30"]
[Round "12.1"]
[White "Gil Quilez, Sonia"]
[Black "Wikar, Martyna"]
[Result "0-1"]
[ECO "E99"]
[WhiteElo "2122"]
[BlackElo "1899"]
[Annotator "NA"]
[PlyCount "82"]
[EventDate "2021.12.29"]
[EventType "swiss"]
[EventCountry "POL"]
[Tiebreak "Cut1 Buchholz"]
[SourceTitle "playchess.com"]
[Source "ChessBase"]
[SourceQuality "1"]
[TimeControl "180+2"]

1. d4 Nf6 2. c4 g6 3. Nc3 Bg7 4. e4 d6 5. Nf3 O-O 6. Be2 Nc6 7. O-O e5 8. d5 Ne7 9. Ne1 Nd7 10. Be3 f5 11. f3 Rf7 12. Nd3 f4 13. Bf2 g5 14. c5 Ng6 15.
Rc1 Bf8 16. cxd6 cxd6 17. Nb5 Nf6 18. Qb3 g4 19. Nxa7 gxf3 20.
gxf3 Bh3 21. Rfd1 Nxe4 22. Kh1 Nxf2+ 23. Nxf2 Qh4 24. Nxh3 Qxh3 25. Nb5 Nh4 26. Rg1+ Rg7 27. Rxg7+ Bxg7 28. Rg1 Nf5 29. Bf1 Qh4 30. Rg4 Qe1 31. Qd3 Ne3 32. Rg1 Qf2 33. Qe2 Qh4 34. Nxd6 Rd8 35. Ne4 Rxd5 36. Qc2 Nxc2 37. Bc4 Ne3 38. Bxd5+ Nxd5 39. Rd1 Qh5 40. Kg2 Ne3+ 41. Kf2 Nxd1+ 0-1